 Dungeon Crawl Stone Soup version 0.27.1 (webtiles) character file.

Game seed: 7397589990569119797

14 Malachi the Charlatan (level 2, 26/26 HPs)
             Began as a Troll Artificer on Aug 24, 2021.
             Got out of the dungeon alive.
             The game lasted 00:01:05 (685 turns).

Malachi the Charlatan (Troll Artificer)              Turns: 685, Time: 00:01:05

Health: 26/26      AC:  4    Str: 19    XL:     2   Next: 27%
Magic:  1/1        EV: 10    Int:  7    God:
Gold:   44         SH:  0    Dex: 10    Spells: 1/1 levels left

rFire    . . .     SeeInvis .   (no weapon)
rCold    . . .     Faith    .   (no shield)
rNeg     . . .     Spirit   .   b - +0 robe
rPois    .         Reflect  .   (helmet restricted)
rElec    .         Harm     .   (no cloak)
rCorr    .         Rampage  .   (gloves unavailable)
Will     .....                  (boots unavailable)
Stlth    +.........             (no amulet)
HPRegen  1.08/turn              (no ring)
MPRegen  0.07/turn              (no ring)

@: no status effects
A: large, unfitting armour, claws 3, regeneration 1, shaggy fur 1, tough skin 1
a: no special abilities


You escaped.
You visited 1 branch of the dungeon, and saw 1 of its levels.

You collected 44 gold pieces.

Inventory:

Hand Weapons
 a - a +0 club
Armour
 b - a +0 robe (worn)
Wands
 c - a wand of flame (15) (quivered)
 d - a wand of charming (15)
Scrolls
 f - a scroll of noise {unknown}
 h - a scroll of identify {unknown}
 k - a scroll of magic mapping {unknown}
Potions
 g - a potion of flight {unknown}
 i - a potion of curing {unknown}
 j - a potion of cancellation {unknown}
Miscellaneous
 e - a piece from Xom's chessboard (15/15)


   Skills:
 + Level 0.8 Fighting
 + Level 2.0 Dodging
 - Level 0.3 Stealth
 + Level 0.1 Unarmed Combat
 + Level 2.7 Evocations


You had one spell level left.
You didn't know any spells.
Your spell library contained the following spells:

 Spells                   Type           Power      Damage    Failure   Level
 Sublimation of Blood     Necr           0%         N/A       56%         2
 Petrify                  Tmut/Erth      0%         N/A       99%         4
 Irradiate                Conj/Tmut      0%         3d14      100%        5


Dungeon Overview and Level Annotations

Branches:
Dungeon (1/15)

Altars:


Innate Abilities, Weirdness & Mutations

You are too large for most types of armour.
You have claws for hands.
Your natural rate of healing is unusually fast.
You are covered in fur. (AC +1)
You have tough skin. (AC +1)


Message History

A ball python comes into view.
The ball python hisses angrily.
A ball python is nearby!
A ball python is nearby!
A ball python is nearby!
A ball python is nearby!
You scratch the ball python.
The ball python is moderately wounded.
The ball python closely misses you.
You barely miss the ball python.
The ball python is moderately wounded.
The ball python bites you but does no damage.
You barely miss the ball python.
The ball python is moderately wounded.
The ball python bites you but does no damage.
You completely miss the ball python.
The ball python is moderately wounded.
The ball python bites you but does no damage.
You scratch the ball python.
You kill the ball python!
No target in view!
No target in view!
There is an open door here.
As you open the door, it creaks loudly!
There is an open door here.
Partly explored, can't reach some places.
Partly explored, can't reach some places.
Partly explored, can't reach some places.
Partly explored, can't reach some places.
Partly explored, can't reach some places.
Search for what [? for help]? altar Can't find anything matching that.
Partly explored, can't reach some places.
Partly explored, can't reach some places.
There is an open door here.
There is a staircase leading out of the dungeon here.
There is an escape hatch in the floor here.
There is a staircase leading out of the dungeon here.
Are you sure you want to leave the Dungeon?
This will make you lose the game!
You have escaped!

#....'........(...#.###.#.....#
#....#.....######.#.#......##.#
#....#............#.+......##.#
#
##.....####.......#.#......##.#
# #.....# #.......#.#......##.#
# #.....# #.......#.'......##.#
# ###'### #######.###......##.#
## #.# ######.# #......##.# .#
#.# #.>@...####'######.#
.#####.# ######......# #.#
....##.# ######## #.# ....'..#
###########.# ....####
#...........# ....#
#.########### .#### #.# .######
#.# ......# ###.#


There were no monsters in sight!

Vanquished Creatures
  A dart slug (D:1)
  2 ball pythons (D:1)
  2 hobgoblins (D:1)
  A quokka (D:1)
  A frilled lizard (D:1)
  2 goblins (D:1)
  2 rats (D:1)
11 creatures vanquished.

Notes
Turn   | Place    | Note
-------+----------+-------------------------------------------
     0 | D:1      | Malachi the Troll Artificer began the quest for the Orb.
     0 | D:1      | Reached XP level 1. HP: 18/18 MP: 0/0
   100 | D:1      | Reached XP level 2. HP: 26/26 MP: 1/1
   685 | D:$      | Got out of the dungeon alive.

Illustrated notes

Levels and vault maps discovered:
D:1:      dpeg_arrival_tiny_j, layout_basic, shapermc_ecumenical_altar_gd,
          minmay_misc_feat_enclosed

Skill      XL: |  1 |
---------------+----+-----
Dodging        | 2 |  2.0
Fighting       | |  0.8
Stealth        | |  0.3
Unarmed Combat | |  0.1
Evocations     | |  2.7

Action                   || total
-------------------------++-------
Melee: Unarmed           ||    30
Armor: Robe              ||    11
Dodge: Dodged            ||    20
